[ AOE2 MATCH · #494473585 ]
UnrankedMagyars vs Mongols
Player's team · LOSS
Rival team · WIN
[ REPLAY ANALYSIS · EXTRACTED FROM THE RECORDED GAME ]
Feudal
—
Castle
—
Imperial
—
| APM avg | 85.1 |
| APM peak | 147 |
| eAPM avg | 21.8 |
| Villagers / military | 16 / 0 |
Focus
⚔️ 29.1% · 🌾 70.9%
Feudal
—
Castle
—
Imperial
—
| APM avg | 0.2 |
| APM peak | 2 |
| eAPM avg | 0.2 |
| Villagers / military | 0 / 0 |
Match map
Initial resources + every placement click. Lines = walls · curves = elevation contours. ◆ gold · ⬟ stone · ● berries · ✦ relic · ◌ wall gap
Your base
Sa Ngộ Tĩnh's base
Smoothed initial terrain · ◌ = detected wall gap · hover for details
Inputs per minute
— Perro_Muchachev - - Sa Ngộ Tĩnh
Build order — Perro_Muchachev
22 actions detected in the replay
| 0:00 | Create | Villager (Male) |
| 0:00 | Create | Villager (Male) |
| 0:01 | Create | Villager (Male) |
| 0:02 | Build | House |
| 0:03 | Build | House |
| 0:11 | Create | Villager (Male) |
| 0:12 | Create | Villager (Male) |
| 1:26 | Create | Villager (Male) |
| 1:54 | Create | Villager (Male) |
| 1:54 | Create | Villager (Male) |
| 2:11 | Create | Villager (Male) |
| 2:11 | Create | Villager (Male) |
| 2:32 | Build | Lumber Camp |
| 2:54 | Create | Villager (Male) |
| 2:54 | Create | Villager (Male) |
| 2:55 | Create | Villager (Male) |
| 3:12 | Create | Villager (Male) |
| 3:30 | Research | Loom |
| 4:15 | Create | Villager (Male) |
| 4:17 | Research | Loom |
| 4:34 | Create | Villager (Male) |
| 6:01 | Build | Town Center |
Build order — Sa Ngộ Tĩnh
0 actions detected in the replay
Match timeline
[ AI ANALYSIS · 1 CREDIT ]
What really happened in this match?
Wolo.gg analyzes every decision: build order, eco, micro, common mistakes by bracket. Personalized analysis on WhatsApp or Discord in 30 seconds.
Civ guide
Magyars
Perfil
Jugador #2118136